AoeStats
← OWL | AlfredtheAlpaca

Arena

509773036Analyzed
4v4 RM · 3d ago on Sep 28, 2026· 66m 33s· 8 players
Game mode
Random Map
Map size
Large (8 player)
Population
200
Speed
Normal
Resources
Standard
Victory
Conquest
Starting age
Dark Age
Ending age
Imperial Age
RankedLock teamsTeams togetherTeam positionsShared explorationLock speedFull tech treeHidden civsTurbo modeCheats
Victory
Defeat
🇨🇦 Khmer · Canada
1116
+18
🇨🇦 Saxons · Canada
1115
+18
🇩🇪 Muisca · Germany
1081
+19
🇩🇪 Varangians · Germany
1080
+19
🇦🇷 Malians · Argentina
1168
-19
🇲🇽 Saxons · Mexico
1158
-20
🇧🇷 Magyars · Brazil
1136
-18
🇨🇱 Khmer · Chile
1128
-17
EMPANADADEPICOQUESO
9:30 Feudal Age
15:24 Castle Age
14:23 Double-Bit Axe
14:20 Horse Collar
16:33 Bow Saw
16:28 Heavy Plow
21:58 Gold Mining
22:48 Wheelbarrow
26:11 Gold Shaft Mining
25:30 Stone Mining
29:24 Imperial Age
28:33 Hand Cart
28:03 Loom
29:44 Bloodlines
29:42 Husbandry
30:37 Scale Barding Armor
30:48 Forging
31:56 Crop Rotation
32:17 Tusk Swords
33:43 Elite Battle Elephant
36:44 Double Crossbow
37:04 Conscription
36:37 Heavy Scorpion
41:06 Chemistry
41:05 Iron Casting
41:29 Ballistics
41:14 Siege Engineers
51:54 Caravan
56:16 Light Cavalry
61:58 Capped Ram
65:25 Siege Ram
Sinbad
9:51 Feudal Age
14:00 Castle Age
12:21 Double-Bit Axe
12:54 Horse Collar
19:35 Bow Saw
21:06 Loom
22:51 Wheelbarrow
22:17 Fletching
23:19 Bodkin Arrow
24:30 Padded Archer Armor
28:22 Gold Mining
29:36 Hand Cart
32:36 Imperial Age
30:34 Corvinian Army
31:50 Ballistics
32:06 Scale Barding Armor
32:17 Leather Archer Armor
32:37 Treadmill Crane
34:23 Chemistry
33:50 Parthian Tactics
33:30 Thumb Ring
33:30 Husbandry
34:41 Conscription
34:44 Heavy Cavalry Archer
35:28 Recurve Bow
34:50 Heavy Cavalry Archer
36:52 Two-Man Saw
35:54 Heavy Plow
36:30 Bracer
36:43 Bloodlines
38:14 Ring Archer Armor
37:14 Elite Skirmisher
43:23 Elite Magyar Huszar
44:28 Chain Barding Armor
44:17 Siege Engineers
45:10 Pikeman
48:25 Plate Barding Armor
50:08 Caravan
50:12 Scale Mail Armor
56:36 Arson
56:12 Halberdier
56:35 Capped Ram
62:24 Crop Rotation
LuchooOo
10:57 Feudal Age
14:29 Castle Age
12:40 Loom
12:42 Town Watch
12:57 Double-Bit Axe
13:29 Horse Collar
14:10 Stone Mining
15:31 Bow Saw
17:48 Fletching
20:15 Heavy Plow
20:48 Gold Mining
22:05 Wheelbarrow
22:10 Murder Holes
24:32 Forging
27:15 Scale Mail Armor
27:53 Squires
28:54 Chain Mail Armor
29:34 Iron Casting
31:56 Imperial Age
29:39 Arson
30:59 Gold Shaft Mining
30:20 Bodkin Arrow
31:06 Hand Cart
31:36 Fortified Wall
33:00 Conscription
33:38 Plate Mail Armor
34:09 Stone Shaft Mining
34:05 Elite Gbeto
35:43 Scale Barding Armor
35:51 Bloodlines
35:42 Husbandry
36:17 Heavy Camel Rider
37:35 Farimba
37:10 Capped Ram
38:48 Padded Archer Armor
39:10 Ballistics
39:23 Chain Barding Armor
40:39 Chemistry
40:01 Elite Skirmisher
40:47 Thumb Ring
41:01 Leather Archer Armor
41:58 Plate Barding Armor
43:15 Ring Archer Armor
48:02 Cavalier
OWL | AlfredtheAlpaca
10:57 Feudal Age
12:08 Horse Collar
15:14 Castle Age
14:54 Double-Bit Axe
16:31 Bow Saw
16:36 Heavy Plow
21:11 Gold Mining
22:38 Wheelbarrow
23:23 Stone Mining
28:51 Imperial Age
27:19 Hand Cart
27:40 Squires
27:25 Arson
27:33 Fletching
27:56 Forging
27:46 Scale Mail Armor
27:41 Loom
28:47 Gold Shaft Mining
28:19 Pikeman
28:52 Fletching
29:02 Padded Archer Armor
29:47 Ballistics
30:05 Iron Casting
29:46 Chain Mail Armor
29:07 Elite Varangian Guard
30:06 Bodkin Arrow
29:58 Treadmill Crane
31:21 Leather Archer Armor
32:25 Chemistry
31:17 Crossbowman
32:06 Thumb Ring
33:22 Two-Man Saw
33:09 Plate Mail Armor
32:40 Arbalester
33:49 Shield Wall
35:07 Conscription
36:37 Hoardings
37:38 Fortified Wall
39:42 Halberdier
41:52 Bracer
42:22 Ring Archer Armor
Pampuliupampam
10:27 Feudal Age
13:25 Castle Age
11:33 Double-Bit Axe
19:54 Bow Saw
19:34 Horse Collar
21:43 Heavy Plow
21:43 Gold Mining
21:56 Stone Mining
23:57 Stone Shaft Mining
24:39 Gold Shaft Mining
24:01 Loom
26:34 Forging
26:24 Scale Mail Armor
26:29 Scale Barding Armor
27:06 Wheelbarrow
26:57 Ballistics
27:03 Bloodlines
26:54 Husbandry
28:34 Iron Casting
28:20 Chain Barding Armor
27:58 Fletching
27:48 Light Cavalry
31:32 Imperial Age
30:39 Hand Cart
31:27 Bodkin Arrow
31:36 Elite Ballista Elephant
32:17 Double Crossbow
32:38 Conscription
32:26 Hussar
34:15 Chemistry
35:09 Blast Furnace
34:45 Plate Barding Armor
34:32 Murder Holes
36:37 Bracer
37:26 Onager
42:17 Siege Engineers
48:42 Fortified Wall
Wojtek
10:20 Feudal Age
12:20 Double-Bit Axe
15:06 Castle Age
12:57 Horse Collar
16:29 Bow Saw
16:23 Heavy Plow
19:45 Wheelbarrow
22:30 Stone Mining
23:11 Hand Cart
23:32 Gold Mining
29:45 Imperial Age
28:05 Gold Shaft Mining
28:08 Scale Mail Armor
28:18 Forging
28:06 Fletching
28:29 Masonry
28:40 Squires
28:25 Gambesons
29:03 Chain Mail Armor
28:35 Loom
30:01 Padded Archer Armor
30:49 Ballistics
30:34 Bodkin Arrow
31:49 Chemistry
30:13 Crossbowman
30:58 Thumb Ring
31:48 Arbalester
32:37 Bracer
32:53 Leather Archer Armor
33:10 Architecture
32:11 Elite Hearth Troop
33:13 Conscription
34:43 Two-Man Saw
34:14 Crop Rotation
33:57 Onager
34:47 Siege Engineers
39:12 Elite Skirmisher
43:23 Guilds
51:32 Coinage
51:41 Pikeman
53:37 Fortified Wall
57:15 Ring Archer Armor
58:38 Capped Ram
59:40 Siege Ram
62:02 Caravan
Cool Dog
10:04 Feudal Age
14:16 Castle Age
12:10 Double-Bit Axe
12:41 Horse Collar
24:07 Bow Saw
24:54 Wheelbarrow
24:29 Heavy Plow
24:57 Stone Mining
26:55 Hand Cart
26:53 Scale Mail Armor
29:41 Imperial Age
28:42 Stone Shaft Mining
28:52 Chain Mail Armor
28:49 Forging
29:01 Gold Mining
30:13 Iron Casting
29:41 Squires
30:56 Plate Mail Armor
29:49 Elite Temple Guard
31:05 Ballistics
31:45 Chemistry
31:14 Herbalism
32:04 Fletching
32:17 Padded Archer Armor
32:42 Conscription
33:08 Elite Guecha Warrior
37:00 Bodkin Arrow
37:26 Leather Archer Armor
38:00 Bracer
45:37 Thumb Ring
57:33 Huaracas
60:13 Elite Skirmisher
65:23 Champi Runner
66:05 Champi Warrior
Dabbler
9:45 Feudal Age
13:15 Castle Age
11:14 Horse Collar
12:01 Double-Bit Axe
17:42 Loom
18:54 Wheelbarrow
19:30 Bow Saw
20:44 Heavy Plow
21:45 Hand Cart
22:09 Gold Mining
27:27 Fletching
30:31 Imperial Age
30:55 Forging
30:51 Scale Barding Armor
32:12 Iron Casting
32:57 Chain Barding Armor
32:13 Gothikon
35:03 Blast Furnace
33:26 Elite Jarl
35:41 Plate Barding Armor
36:11 Bodkin Arrow
36:59 Bloodlines
36:49 Husbandry
42:03 Light Cavalry
45:47 Hussar
52:27 Cavalier
54:56 Cavalier
Connection lost

Rejoining the realm…

Still unreachable

The connection could not be restored.

Session expired

The server has moved on; the page needs a fresh start.